Get step-by-step instructions on how to execute this build order below. Start the game timer, and the build order will tick by so you can play in parallel with StarCraft on a second screen or mobile device.

Game Time

  0:00

Last Step

  N/A

Next Step

Upcoming Step



Don't want to look back and forth between 2 screens? Try out our Overwolf App, the Spawning Tool Build Advisor to get an in-game overlay with this build!

Complete Build Order

  12  0:00  Probe  
  13  0:13  Probe  
  14  0:18  Pylon  
  14  0:25  Probe  
  15  0:37  Probe  
  15  0:41  Gateway  
  16  0:49  Probe  
  17  0:50  Assimilator  
  17  1:01  Probe  
  18  1:13  Probe  
  19  1:25  Probe  
  20  1:37  Probe  
  21  1:43  Cybernetics Core  
  21  1:44  Pylon  
  21  1:49  Probe  
  22  2:01  Probe  
  22  2:05  Pylon  
  22  2:07  Assimilator  
  23  2:09  Adept  
  23  2:14  Gateway, Probe  
  24  2:16  Warp Gate (Chrono Boost)  
  26  2:24  Shield Battery  
  26  2:30  Pylon  
  26  2:39  Twilight Council  
  26  2:59  Adept  
  28  3:12  Nexus  
  28  3:13  Blink (Chrono Boost)  
  28  3:15  Pylon  
  28  3:27  Stalker  
  30  3:41  Robotics Facility  
  30  3:44  Probe  
  31  4:01  Sentry  
  33  4:05  Probe  
  34  4:17  Probe  
  34  4:23  Gateway  
  35  4:25  Gateway  
  35  4:26  Observer, Pylon  
  35  4:29  Probe (Chrono Boost)  
  37  4:40  Probe (Chrono Boost)  
  39  4:47  Probe (Chrono Boost)  
  39  4:50  Probe (Chrono Boost)  
  39  4:51  Charge  
  40  4:54  Probe x2 (Chrono Boost)  
  42  5:03  Stalker  
  42  5:04  Stalker  
  42  5:06  Probe  
  47  5:18  Probe  
  48  5:24  Dark Shrine  
  48  5:26  Probe  
  49  5:30  Probe  
  49  5:32  Assimilator  
  50  5:36  Assimilator  
  50  5:37  Warp Prism (Chrono Boost)  
  50  5:38  Probe  
  50  5:40  Pylon  
  54  5:42  Probe  
  54  5:47  Gateway  
  54  5:48  Gateway  
  54  5:52  Gateway  
  54  5:55  Pylon  
  54  6:17  Nexus  
  54  6:19  Pylon  
  54  6:25  Immortal (Chrono Boost)  
  58  6:39  Forge  
  58  6:40  Forge  
  58  6:41  Pylon  
  58  6:56  Probe  
  58  6:59  Probe  
  60  7:08  Probe  
  61  7:11  Probe  
  62  7:20  Probe  
  63  7:23  Probe  
  63  7:26  Dark Templar x2  
  68  8:03  Protoss Ground Armor Level 1 (Chrono Boost), Protoss Ground Weapons Level 1 (Chrono Boost)  
  66  8:06  Stalker x4  
  66  8:07  Stalker x2  
  76  8:15  Immortal  
  76  8:19  Probe  
  81  8:21  Probe  
  81  8:23  Probe  
  81  8:26  Assimilator  
  83  8:28  Assimilator  
  83  8:31  Shield Battery, Probe  
  83  8:33  Zealot x4, Shield Battery, Probe  
  83  8:34  Zealot  
  95  8:35  Zealot, Probe  
  95  8:37  Pylon  
  98  8:43  Probe  
  98  8:45  Gateway  
  98  8:46  Gateway  
  98  8:47  Probe  
  100  8:49  Pylon  
  100  9:07  Dark Templar x2  
  100  9:08  Zealot x3  
  110  9:10  Stalker  
  110  9:11  Nexus  
  110  9:12  Pylon  
  68  9:37  Dark Templar  
  68  9:38  Dark Templar  
  62  10:02  Stalker x4  
  61  10:10  Stalker x3  
  61  10:48  Zealot x5  
  61  10:49  Zealot x3  
  77  11:01  Protoss Ground Armor Level 2 (Chrono Boost)  
  77  11:02  Protoss Ground Weapons Level 2 (Chrono Boost)  
  69  11:08  Immortal  
  59  11:11  Probe  
  59  11:15  Assimilator, Probe  
  59  11:17  Probe  
  59  11:18  Assimilator  
  57  11:20  Dark Templar x3  
  57  11:21  Dark Templar  
  57  11:22  Zealot x4  
  57  11:23  Probe  
  56  11:27  Probe  
  56  11:29  Probe  
  54  11:35  Probe  
  55  11:48  Archon  
  55  11:50  Archon  
  55  11:57  Robotics Bay  
  55  11:58  Zealot x4  
  55  11:59  Zealot x4  
  71  12:06  Probe  
  72  12:18  Immortal (Chrono Boost), Probe  
  72  12:20  Probe  
  72  12:22  Probe  
  79  12:27  Dark Templar x2  
  77  12:32  Probe  
  77  12:34  Probe  
  77  12:44  Probe  
  77  12:46  Probe  
  78  12:54  Disruptor (Chrono Boost)  
  78  12:55  Dark Templar x2  
  78  12:56  Zealot x3, Probe  
  78  12:57  Zealot  
  94  13:07  Probe (Chrono Boost)  
  94  13:08  Probe (Chrono Boost)  
  94  13:09  Probe (Chrono Boost)  
  94  13:10  Stalker  
  100  13:20  Probe (Chrono Boost)  
  100  13:22  Disruptor  
  100  13:23  Probe (Chrono Boost)  
  100  13:24  Probe (Chrono Boost)  
  105  13:28  Probe (Chrono Boost)  
  105  13:32  Probe x3 (Chrono Boost)  
  97  13:42  Probe  
  92  13:48  Archon  
  92  13:52  Stalker x2  
  92  13:53  Stalker x6  
  92  13:55  Probe  
  104  14:11  Probe (Chrono Boost)  
  105  14:23  Probe (Chrono Boost)  
  107  14:27  Protoss Ground Weapons Level 3 (Chrono Boost)  
  107  14:28  Protoss Ground Armor Level 3 (Chrono Boost), Probe (Chrono Boost)  
  107  14:29  Probe (Chrono Boost)  
  109  14:33  Extended Thermal Lance, Probe (Chrono Boost)  
  109  14:36  Probe (Chrono Boost)  
  111  14:38  Probe (Chrono Boost)  
  111  14:40  Probe (Chrono Boost)  
  111  14:41  Probe (Chrono Boost)  
  111  14:42  Robotics Facility  
  113  14:47  Probe  
  113  14:49  Probe  
  116  14:52  Probe  
  116  14:59  Probe  
  117  15:00  Warp Prism (Chrono Boost)  
  117  15:05  Probe  
  120  15:11  Probe  
  121  15:17  Assimilator  
  111  15:29  Disruptor  
  84  15:40  Stalker  
  84  15:41  Stalker x6  
  84  15:42  Stalker  
  52  16:14  Stalker x6  
  52  16:15  Stalker  
  66  16:22  Disruptor x2  
  74  16:27  Probe  
  47  17:06  Dark Templar x4  
  47  17:07  Dark Templar  
  41  17:33  Dark Templar x2  
  39  18:09  Cybernetics Core  
  38  19:16  Stalker  
  33  19:55  Archon x2  
  33  19:56  Archon